 Dungeon Crawl Stone Soup version 0.17-b1-33-gd9cf236 (console) character file.

13798 Kloppie the Protected (level 11, -6/83 HPs)
             Began as a Minotaur Berserker on Nov 5, 2015.
             Was a High Priest of Trog.
             Mangled by a large slime creature (16 damage)
             ... on level 12 of the Dungeon on Nov 6, 2015.
             The game lasted 00:35:00 (10270 turns).

Kloppie the Protected (Minotaur Berserker)         Turns: 10270, Time: 00:35:00

Health: -6/83      AC: 16    Str: 24    XL:     11   Next: 80%
Magic:  0/10       EV: 11    Int:  4    God:    Trog [*****.]
Gold:   633        SH:  0    Dex: 11    Spells: 0 memorised, 10 levels left

rFire  . . .     SeeInvis +     a - +7 war axe {drain, +Fly rPois SInv}
rCold  . . .     Clarity  .     H - +2 scale mail {rPois}
rNeg   . . .     SustAt   .     (no shield)
rPois  +         Gourm    .     (helmet restricted)
rElec  .         Spirit   +     (no cloak)
rCorr  .         Warding  .     P - +2 pair of gloves
rMut   .         Stasis   .     v - +0 pair of boots
MR     ++...                    E - amulet of guardian spirit
Stlth  ..........               (no ring)
                                F - ring of poison resistance

@: exhausted, regenerating, slowed, very slow, very resistant to hostile
enchantments, extremely unstealthy
A: retaliatory headbutt, horns 2
a: Berserk, Trog's Hand, Brothers in Arms, Burn Spellbooks, Renounce Religion,
Evoke Flight


You were on level 12 of the Dungeon.
You worshipped Trog.
Trog was extremely pleased with you.
You were near starving.

You visited 1 branch of the dungeon, and saw 12 of its levels.
You also visited: Labyrinth, Sewer and Ossuary.

You collected 689 gold pieces.
You spent 56 gold pieces at shops.

Inventory:

Hand Weapons
 a - the +7 war axe of Beler (weapon) {drain, +Fly rPois SInv}
   (You found it on level 9 of the Dungeon)

   A truly terrible weapon, it drains the life of those it strikes.
   It protects you from poison.
   It lets you see invisible.
   It lets you fly.
 b - a +3 long sword of protection
 o - the +8 spear of Hiukeh {speed, rElec SInv Stlth-}
   (You found it in a labyrinth)

   Attacks with this weapon are significantly faster.
   It insulates you from electricity.
   It lets you see invisible.
   It makes you less stealthy.
Missiles
 T - 5 javelins of returning (quivered)
 V - 2 javelins
 W - 8 javelins of penetration
Armour
 e - a +0 plate armour
 v - a +0 pair of boots (worn)
 B - a +1 pair of boots
 H - a +2 scale mail of poison resistance (worn)
 P - a +2 pair of gloves (worn)
Rods
 R - a +4 rod of clouds (13/13)
   (You found it in a labyrinth)
Jewellery
 d - an uncursed ring of sustain attributes
 q - an uncursed ring of positive energy
 s - an uncursed ring of protection from fire
 y - an uncursed amulet of the gourmand
 E - an amulet of guardian spirit (around neck)
 F - a ring of poison resistance (left hand)
 S - an uncursed ring of positive energy
Wands
 l - a wand of digging (10)
 J - a wand of draining (9)
 L - a wand of magic darts (26)
 M - a wand of digging (6)
 X - a wand of paralysis (12)
Scrolls
 f - 3 scrolls of enchant armour
 h - 3 scrolls of recharging
 k - 6 scrolls of remove curse
 m - 4 scrolls of blinking
 n - a scroll of teleportation
 w - 2 scrolls of identify
 C - 3 scrolls of fog
 G - 4 scrolls of magic mapping
 Y - 2 scrolls of enchant weapon
Potions
 j - a potion of magic
 p - a potion of agility
 u - 4 potions of flight
 x - 10 potions of curing
 z - 6 potions of heal wounds
 I - 3 potions of cancellation
 K - 2 potions of lignification
 N - 3 potions of brilliance
 O - 2 potions of resistance
 Q - a potion of might
Books
 i - a book of Summonings

   Spells                             Type                      Level
   a - Recall                         Summoning/Translocation      3
   b - Aura of Abjuration             Summoning                    5
   c - Shadow Creatures               Summoning                    5
   d - Summon Demon                   Summoning                    5
   e - Summon Forest                  Summoning/Translocation      5
   f - Summon Mana Viper              Hexes/Summoning              5
   Trog disapproves of the use of such an item.
 U - a book of Minor Magic

   Spells                             Type                      Level
   a - Magic Dart                     Conjuration                  1
   b - Blink                          Translocation                2
   c - Call Imp                       Summoning                    2
   d - Repel Missiles                 Charms/Air                   2
   e - Slow                           Hexes                        2
   f - Conjure Flame                  Conjuration/Fire             3
   g - Mephitic Cloud                 Conjuration/Poison/Air       3
   Trog disapproves of the use of such an item.
 Z - a book of Transfigurations

   Spells                             Type                      Level
   a - Stoneskin                      Transmutation/Earth          2
   b - Irradiate                      Conjuration/Transmutation    5
   c - Statue Form                    Transmutation/Earth          6
   d - Hydra Form                     Transmutation                6
   e - Dragon Form                    Transmutation                7
   Trog disapproves of the use of such an item.
Comestibles
 c - 14 bread rations
 g - 8 beef jerkies
 r - 4 meat rations
 t - a royal jelly
 A - 5 fruits
 D - a chunk of flesh


   Skills:
 + Level 3.8 Fighting
 - Level 11.1 Long Blades
 + Level 8.1 Axes
 * Level 10.8 Throwing
 - Level 13.1 Armour
 - Level 2.1 Dodging


You had 10 spell levels left.
You didn't know any spells.

Dungeon Overview and Level Annotations

Branches:
Dungeon (12/15)            Temple (0/1) D:5            Lair (0/8) D:11
    Orc: D:9-12

Altars:
Dithmenos
Gozag
Nemelex Xobeh
Trog
Vehumet
Beogh

Shops:
D:4 ((

Annotations:
D:8 exclusion: statue


Innate Abilities, Weirdness & Mutations

You reflexively headbutt those who attack you in melee.
You have a pair of horns on your head.


Message History

The large slime creature hits you.
* * * LOW HITPOINT WARNING * * *
You slash the large slime creature! You drain the large slime creature!
You headbutt the large slime creature!
The large slime creature is severely wounded.
The large slime creature hits you!
* * * LOW HITPOINT WARNING * * *
You slash the large slime creature! You headbutt the large slime creature!
The large slime creature is severely wounded.
You feel the effects of Trog's Hand fading.
The large slime creature misses you.
The large slime creature barely misses you.
You furiously retaliate!
You headbutt the large slime creature.
You hit the large slime creature but do no damage.
You headbutt the large slime creature.
The large slime creature is almost dead.
The large slime creature hits you!
* * * LOW HITPOINT WARNING * * *
The large slime creature hits you!!
You die...

###.#.##.###.# #.....#
##.##.)...##.#########.....#
#.###......................#
##.##.....######.#####.....#
##.#..#.## #.# #.....#####
##...#(# #[# ###.........
##..#.# #.# #...#######
#..#.# #.# #.### ##.#.# #@#
#.# ###.# #J# #.# ########.#
#.# #.# .......#)# #.# #.#
######.#.# #.# #.# #.#.# #.#
#.# ##.#.# #.# ####.# ##
#....# #.# #....# ......#..#
#.####


You could see a large slime creature.

Vanquished Creatures
  A minotaur (Lab)
  A queen ant (D:11)
  A centaur warrior (D:12)
  A hill giant (D:11)
  A manticore (D:10)
  A slime creature (D:12)
  The ghost of koelner the Gusty, a novice CeAE (D:5)
  A troll (D:12)
  A deep elf mage (D:9)
  A wyvern (D:12)
  3 yaks (D:9)
  A shadow (D:12)
  4 basilisks (Lab)
  Grum (D:8)
  2 wolves (D:8)
  A hungry ghost (D:7)
  Menkaure (D:6)
  21 soldier ants
  3 vampire mosquitoes (D:12)
  2 black bears
  An ice beast (D:9)
  3 centaurs
  A phantom (D:5)
  9 ogres
  2 sky beasts
  2 necrophages
  A big kobold (D:12)
  5 giant frogs
  A wyvern skeleton (D:12)
  2 scorpions
  4 wights (D:7)
  The ghost of Ohli the Cudgeler, a weakling DsGl (D:3)
  5 bog bodies (Ossuary)
  3 killer bees (D:11)
  3 centaur zombies
  4 crimson imps
  5 hounds
  2 giant frog zombies
  3 orc priests
  A quasit (D:7)
  4 centaur skeletons
  4 jellies
  A giant frog skeleton (D:10)
  8 orc wizards
  25 worker ants
  4 iguanas
  3 killer bee zombies
  A hound zombie (D:11)
  5 mummies (Ossuary)
  A hound skeleton (D:6)
  2 worker ant zombies
  A gnoll (D:9)
  16 adders
  2 shadow imps
  An ooze (D:1)
  An adder skeleton (D:5)
  4 adder zombies (Ossuary)
  2 worms
  30 orcs
  3 ball pythons (Sewer)
  8 bats
  7 hobgoblins
  12 jackals
  12 kobolds
  3 quokkas
  14 giant cockroaches
  A giant cockroach zombie (Ossuary)
  4 giant geckos
  A giant gecko skeleton (D:8)
  A giant gecko zombie (Ossuary)
  5 giant newts
  7 goblins
  A jackal skeleton (D:6)
  8 rats
309 creatures vanquished.

Vanquished Creatures (others)
  4 plants (Ossuary)
4 creatures vanquished.

Grand Total: 313 creatures vanquished

Notes
Turn   | Place    | Note
--------------------------------------------------------------
     0 | D:1      | Kloppie the Minotaur Berserker began the quest for the Orb.
     0 | D:1      | Reached XP level 1. HP: 19/19 MP: 0/0
   141 | D:1      | Reached XP level 2. HP: 16/26 MP: 1/1
   176 | D:1      | Found a sparkling altar of Nemelex Xobeh.
   244 | D:1      | Reached skill level 4 in Long Blades
   396 | D:1      | Reached XP level 3. HP: 27/31 MP: 2/2
   587 | D:1      | Reached ** piety under Trog
  1128 | D:2      | Reached skill level 1 in Throwing
  1301 | D:3      | Noticed an ogre
  1310 | D:3      | Killed an ogre
  1310 | D:3      | Reached skill level 5 in Long Blades
  1310 | D:3      | Reached XP level 4. HP: 39/39 MP: 3/3
  1310 | D:3      | Reached XP level 5. HP: 45/45 MP: 4/4
  1629 | D:3      | Noticed Ohli's ghost (weakling DsGl)
  1642 | D:3      | Killed Ohli's ghost
  2039 | D:4      | Reached skill level 5 in Armour
  2051 | D:4      | Reached XP level 6. HP: 48/51 MP: 5/5
  2250 | D:4      | Found Jothriev's Antique Weapon Emporium.
  2255 | D:4      | Bought a runed long sword for 56 gold pieces
  2328 | D:4      | Found a shadowy altar of Dithmenos.
  2328 | D:4      | Found an opulent altar of Gozag.
  2389 | D:4      | Noticed an ogre
  2400 | D:4      | Killed an ogre
  2400 | D:4      | Reached skill level 6 in Long Blades
  2616 | D:4      | Found Nebefouz's Antique Weapon Shop.
  2724 | D:5      | Entered Level 5 of the Dungeon
  2798 | D:5      | Reached *** piety under Trog
  2800 | D:5      | Found a glowing drain.
  2831 | Sewer    | Entered a sewer
  2852 | Sewer    | Reached XP level 7. HP: 57/57 MP: 6/6
  3100 | D:5      | Received a gift from Trog
  3137 | D:5      | Reached skill level 7 in Long Blades
  3448 | D:5      | Found a sand-covered staircase.
  3456 | Ossuary  | Entered an ossuary
  3469 | Ossuary  | Reached XP level 8. HP: 28/64 MP: 7/7
  3565 | Ossuary  | Reached skill level 5 in Throwing
  3914 | Ossuary  | Reached skill level 8 in Long Blades
  4284 | D:5      | Found a staircase to the Ecumenical Temple.
  4553 | D:5      | Noticed koelner's ghost (novice CeAE)
  4568 | D:5      | Killed koelner's ghost
  4609 | D:5      | Reached skill level 9 in Long Blades
  5013 | D:6      | Noticed Menkaure
  5024 | D:6      | Killed Menkaure
  5024 | D:6      | Reached XP level 9. HP: 36/70 MP: 5/8
  5940 | D:7      | Reached **** piety under Trog
  6027 | D:7      | Received a gift from Trog
  6275 | D:8      | Reached skill level 10 in Long Blades
  6383 | D:8      | Noticed Grum
  6615 | D:8      | Reached skill level 10 in Armour
  6686 | D:8      | Killed Grum
  6710 | D:8      | Found a radiant altar of Vehumet.
  6983 | D:8      | Received a gift from Trog
  7008 | D:8      | Got a slimy scale mail
  7020 | D:8      | Identified the +0 scale mail of Curiosity {rC- rN+ Int+4} (You found it on level 8 of the Dungeon)
  7148 | D:8      | Reached XP level 10. HP: 77/77 MP: 9/9
  7465 | D:9      | Reached skill level 11 in Long Blades
  7533 | D:9      | Found a bloodstained altar of Trog.
  7651 | D:9      | Got a fine war axe
  7652 | D:9      | Identified the +7 war axe of Beler {drain, +Fly rPois SInv} (You found it on level 9 of the Dungeon)
  7817 | D:10     | Entered Level 10 of the Dungeon
  8026 | D:10     | Reached skill level 1 in Axes
  8445 | D:10     | Found a runed door.
  8711 | D:10     | Found a roughly hewn altar of Beogh.
  8769 | D:10     | Upgraded the game from 0.17-b1-22-g5359643 to 0.17-b1-33-gd9cf236
  8805 | D:11     | Noticed a manticore
  8811 | D:11     | Noticed a queen ant
  8816 | D:11     | Received a gift from Trog
  8841 | D:10     | Killed a manticore
  8948 | D:11     | Killed a queen ant
  8948 | D:11     | Reached skill level 5 in Axes
  8972 | D:11     | Reached XP level 11. HP: 75/82 MP: 8/10
  8979 | D:11     | Reached skill level 12 in Armour
  9315 | D:11     | Received a gift from Trog
  9414 | D:11     | Found a staircase to the Lair.
  9442 | D:11     | Noticed a hill giant
  9447 | D:11     | Killed a hill giant
  9525 | D:11     | You fall through a shaft!
  9546 | D:12     | Reached skill level 10 in Throwing
  9633 | D:12     | Reached ***** piety under Trog
  9825 | D:12     | Noticed a centaur warrior
  9829 | D:12     | Killed a centaur warrior
  9875 | D:12     | Found a labyrinth entrance.
  9886 | Lab      | Entered a labyrinth
 10073 | Lab      | Noticed a minotaur
 10085 | Lab      | Killed a minotaur
 10085 | Lab      | Received a gift from Trog
 10085 | Lab      | Reached skill level 13 in Armour
 10098 | Lab      | Got a smoking spear
 10134 | Lab      | Identified the +8 spear of Hiukeh {speed, rElec SInv Stlth-} (You found it in a labyrinth)
 10270 | D:12     | Mangled by a large slime creature

Action                   |  1- 3 |  4- 6 |  7- 9 | 10-12 || total
-------------------------+-------+-------+-------+-------++-------
Melee: Falchion          |    85 |    72 |       |       ||   157
       Long sword        |       |    64 |   366 |    57 ||   487
       War axe           |       |       |       |   309 ||   309
Throw: Stone             |     8 |    19 |    12 |       ||    39
       Javelin           |       |       |       |    76 ||    76
       Tomahawk          |       |       |       |     3 ||     3
Invok: Trog's Hand       |       |       |     1 |     4 ||     5
       Berserk           |       |       |       |     3 ||     3
  Use: Scroll            |       |       |    26 |     3 ||    29
  Eat: Chunk             |     1 |     5 |    13 |    10 ||    29
       Pizza             |       |       |     1 |     2 ||     3
